[Event "4NCL Div 2 2024-25"]
[Site "England"]
[Date "2025.02.16"]
[Round "6.7"]
[White "Merriman, James"]
[Black "Zakarian, Dimitrios Levon"]
[Result "1/2-1/2"]
[Annotator "TA"]
[ECO "E36"]
[WhiteElo "2073"]
[BlackElo "1968"]
[PlyCount "51"]
[EventDate "2024.11.23"]
[EventType "team-tourn"]
[EventCountry "ENG"]
[SourceTitle "playchess.com"]
[Source "ChessBase"]
[SourceQuality "1"]
[TimeControl "40/6000+30:3000+30"]

1. d4 Nf6 2. c4 e6 3. Nc3 Bb4 4. Qc2 O-O 5. a3 Bxc3+ 6. Qxc3 d5 7. Bg5 dxc4 {[%emt 0:00:20] E36: Nimzo-Indian: Classical: 4...d5 5 a3.} 8. Qxc4 h6 9. Bh4 b6 10. Nf3 Ba6 11. Qa4 Qd7 12. Qxd7 Nbxd7 13. e3 Bxf1 14. Rxf1 c5 (14... g5 $5 15. Bg3 $8 c5 $11) 15. dxc5 $146 ({Predecessor:} 15. Bxf6 gxf6 16. Ke2 Rac8 17. Rac1 c4 18. Nd2 b5 19. a4 a6 20. axb5 axb5 21. Ne4 {0-1 Machlik,M (2079)-Sahithi Varshini,M (2329) Wch Rapid (Women) 2024 (9)}) 15... Nxc5 {[%emt 0:00:12] The position is equal.} 16. Bxf6 gxf6 17. Ke2 {[%emt 0:04:04] Dodges Nd3} Nb3 18. Rad1 Rac8 19. Nd4 {[%emt 0:00:20] Inhibits Rc2+.} Nxd4+ 20. Rxd4 $11 {[%emt 0:00:07][%mdl 4096] Endgame KRR-KRR} Rc2+ 21. Rd2 Rfc8 22. Rfd1 Kf8 23. Kf3 Rxd2 24. Rxd2 Ke7 25. e4 Rc5 26. Ke3 {[%emt 0:04:34] An uneventful encounter.   Weighted Error Value: White=0.08 (flawless) /Black=0.07 (flawless)   Inaccurate:     	White=2     	Black=2      OK:         	White=4     	Black=8      Best:        	White=1     	---} 1/2-1/2

[Event "4NCL Div 2 2024-25"]
[Site "England"]
[Date "2025.02.16"]
[Round "6.7"]
[White "Moore, Gerald"]
[Black "Wilks, Simon"]
[Result "1/2-1/2"]
[Annotator "TA"]
[ECO "E36"]
[WhiteElo "2033"]
[BlackElo "2078"]
[PlyCount "67"]
[EventDate "2024.11.23"]
[EventType "team-tourn"]
[EventCountry "ENG"]
[SourceTitle "playchess.com"]
[Source "ChessBase"]
[SourceQuality "1"]
[TimeControl "40/6000+30:3000+30"]

1. c4 Nf6 2. Nc3 e6 3. Nf3 Bb4 4. Qc2 d5 5. a3 Be7 6. d4 Nbd7 {[%emt 0:15:08] E36: Nimzo-Indian: Classical: 4...d5 5 a3.} 7. e3 {[%emt 0:05:31] White is more active.} ({White should play} 7. cxd5 $14 exd5 8. Bf4) 7... c6 8. Bd3 b6 {[%emt 0:07:22] The position is equal.} 9. O-O Bb7 10. b3 Rc8 11. Bb2 O-O 12. Qe2 c5 13. Rac1 cxd4 $146 ({Predecessor:} 13... dxc4 14. bxc4 Qc7 15. Rfd1 Rfe8 16. d5 exd5 17. cxd5 Nxd5 18. Nxd5 Bxd5 19. Bxh7+ Kxh7 20. Rxd5 Nf6 {½-½ Gulko,B (2550)-Salgado Lopez,I (2459) Cappelle op 24th 2008 (8)}) 14. exd4 Re8 15. Rfd1 Nf8 16. Ne5 Ng6 17. Qe3 a6 18. f4 Bd6 19. g3 (19. Na4 $11) 19... Qe7 (19... dxc4 $15 20. Nxc4 (20. bxc4 Bxe5 21. Bxg6 Bxf4 $17) 20... Bb8) 20. cxd5 Nxd5 21. Nxd5 exd5 22. Qf2 (22. Rxc8 $11 Bxc8 23. Qc1) 22... Bxa3 $15 23. Rxc8 Rxc8 24. Re1 Qd6 (24... Bxb2 $17 25. Qxb2 (25. Nxg6 Qb4 $17) 25... Qb4) 25. f5 $1 $14 Nf8 (25... Nh8 $11) 26. Bxa3 (26. f6 $1 $16 Bxb2 27. fxg7) 26... Qxa3 $11 27. f6 g6 (27... Rc1 $14) 28. Qe3 Qd6 (28... Qb4 $142 29. Kg2 (29. Ng4 Rc7 $18) 29... Rc7) 29. Ng4 $18 {[%emt 0:00:14] Threatening mate with Nh6+.} Ne6 30. Nh6+ Kf8 {[%emt 0:00:00] [#]} 31. Ng4 $2 (31. Nxf7 $1 Kxf7 32. Qh6) 31... Kg8 $1 32. Nh6+ $2 (32. Qh6 {[%cal Oe1e6] And now Rxe6! would win.} Qf8 (32... Nxd4 33. Qg7#) 33. Bxg6 Qxh6 (33... hxg6 $2 34. Rxe6 Rd8 35. Qxf8+ Rxf8 36. Re7 $18) 34. Nxh6+ Kf8 35. Bxf7) 32... Kf8 {[%emt 0:00:00] [#]} 33. Ng4 $2 (33. Nxf7 $1 Kxf7 34. Qh6) 33... Kg8 $1 34. Nh6+ $2 {[%emt 0:00:39] Weighted Error Value: White=0.64/Black=0.51  Loses game:     	---       	Black=1      Missed win:     	White=1     	---        Mistake:       	White=7     	Black=4      Inaccurate:     	White=3     	Black=1      OK:         	White=1     	Black=6      Best:        	White=3     	Black=4      Strong:       	White=1     	Black=2} (34. Qh6 $18 Qf8 (34... Nxd4 35. Qg7#) 35. Bxg6 Qxh6 (35... hxg6 $2 {too greedy.} 36. Rxe6 Rd8 37. Qxf8+ Kxf8 38. Rxb6 $18) 36. Nxh6+ Kf8 37. Bxf7) 1/2-1/2

[Event "4NCL Div 2 2024-25"]
[Site "England"]
[Date "2025.02.16"]
[Round "6.8"]
[White "Udovenko, Daniel"]
[Black "Moore, Eoin"]
[Result "1-0"]
[Annotator "TA"]
[ECO "E60"]
[WhiteElo "1941"]
[BlackElo "1835"]
[PlyCount "67"]
[EventDate "2024.11.23"]
[EventType "team-tourn"]
[EventCountry "ENG"]
[SourceTitle "playchess.com"]
[Source "ChessBase"]
[SourceQuality "1"]
[TimeControl "40/6000+30:3000+30"]

1. d4 Nf6 2. c4 g6 3. h4 Bg7 4. Nc3 d5 5. h5 Nxh5 6. cxd5 {[%emt 0:00:08] E60: King's Indian: Unusual lines and Fianchetto Variation without Nc3.} (6. Nxd5 c6 7. Nc3 Bxd4 $17 (7... Qxd4 8. Qxd4 Bxd4 9. Bh6 $17)) 6... e6 7. g4 Nf6 8. dxe6 {[%emt 0:00:17] White has an edge.} Bxe6 9. e4 Nxg4 $146 ({Predecessor:} 9... Qe7 10. g5 Nxe4 11. Nxe4 Bd5 12. f3 Nc6 13. Bg2 Nxd4 14. Ne2 O-O-O 15. Nxd4 Bxe4 16. fxe4 Bxd4 17. Qe2 Qb4+ 18. Kf1 {½-½ Ding,L (2745)-Mamedyarov,S (2733) FIDE World Rapid Team 2024 (9.13)}) 10. Be2 h5 11. d5 (11. f3 $11) 11... Bd7 $15 12. f3 Nh6 (12... Ne5 $1 $11) 13. Bf4 Na6 14. Qd2 {[%emt 0:03:18] White sacrificed a pawn White is more active.} Qf6 15. Bxa6 Qxa6 16. Bxc7 {[%emt 0:00:52] [#]} (16. Nge2 $14) 16... O-O (16... f5 $1 $17) 17. Nge2 b5 18. Bf4 Kh7 (18... b4 19. Bxh6 bxc3 20. bxc3 $16 (20. Nxc3 Rab8 $11)) 19. Ng3 Rac8 (19... Rae8 $11 {keeps the balance.}) 20. Kf2 (20. d6 $16 {[%cal Og3h5] aiming for Nxh5!.} f5 21. Nd5 fxe4 22. Nxe4) 20... b4 21. Nce2 {[%emt 0:01:13][%cal Og3h5] Really sharp!} b3 22. axb3 $16 {[%emt 0:00:52] White has strong rooks and is better} Qb6+ 23. Qe3 (23. Kg2 $16) 23... Rc2 $1 $14 {[%emt 0:00:39] aiming for ...Bd4.} 24. Qxb6 (24. Rxa7 $2 Bd4 25. Rxd7 Bxe3+ 26. Bxe3 Qf6 (26... Qxb3 $2 27. Rd6 $19) 27. Bxh6 Kxh6 $19) 24... axb6 25. Ra7 ({White should play} 25. Ke3 $14) 25... Bb5 $11 26. Rb7 (26. Ke3 $5 Rxb2 27. Nd4 $11) 26... Bf6 {[%emt 0:01:17] This pair of bishops is nice.} 27. e5 $36 {[%emt 0:01:03][%cal Be4e5,Be5f6][%mdl 2080] White has good play.} (27. Rxb6 $2 Bd4+ (27... Bxb2 $2 28. Rxb5 f5 29. e5 $18) 28. Be3 Bxb6 29. Bxb6 f5 $19 (29... Rxb2 30. Bd4 $17)) 27... h4 $2 (27... g5 $11 28. Bc1 (28. exf6 $2 {loses.} gxf4 29. Rxh5 fxg3+ 30. Kxg3 Bxe2 $19) 28... Bxe5 29. Bxg5 Bxe2 (29... Bxb2 $2 30. Rxh5 Bd4+ 31. Ke1 $18) (29... Bxg3+ 30. Kxg3 Nf5+ 31. Kf4 $17) 30. Nxe2 Nf5) 28. exf6 hxg3+ {[%emt 0:00:05] Black is weak on the dark squares} (28... Nf5 $142 29. Rc7 (29. Rxb6 Bxe2 30. Nxf5 Bd3+ 31. Ke3 Bxf5 $18) 29... Rxb2) 29. Kxg3 $18 g5 30. Bxg5 Kg6 31. Bxh6 (31. Rxh6+ Kxg5 32. Nd4 Ba6 33. Rxb6 Rd2 $18) 31... Rh8 32. Nf4+ {[%emt 0:00:06] White mates.} Kxf6 {[%emt 0:02:18] [#]} 33. Bg5+ $1 Kg7 (33... Kxg5 34. Rxh8) 34. Ne6+ {[%emt 0:00:25] Weighted Error Value: White=0.24 (precise) /Black=1.00  Loses game:     	---       	Black=1      Mistake:       	White=5     	Black=5      Inaccurate:     	White=2     	Black=1      OK:         	White=7     	Black=8      Best:        	White=2     	Black=1      Strong:       	---       	Black=1} 1-0

[Event "4NCL Div 2 2024-25"]
[Site "England"]
[Date "2025.02.16"]
[Round "6.8"]
[White "Shepherd, Tom"]
[Black "Latypova, Olga L"]
[Result "1-0"]
[Annotator "TA"]
[ECO "D02"]
[WhiteElo "1905"]
[BlackElo "1831"]
[PlyCount "69"]
[EventDate "2024.11.23"]
[EventType "team-tourn"]
[EventCountry "ENG"]
[SourceTitle "playchess.com"]
[Source "ChessBase"]
[SourceQuality "1"]
[TimeControl "40/6000+30:3000+30"]

1. d4 Nf6 2. Nf3 g6 3. Nbd2 d5 4. b4 Bg7 5. Bb2 O-O 6. e3 {[%emt 0:00:03] D02: 1 d4 d5 2 Nf3 sidelines, including 2...Nf6 3 g3 and 2...Nf6 3 Bf4.} Bf5 7. Be2 c6 8. a4 {[%emt 0:01:08] White is slightly better.} Nbd7 9. O-O Qc7 $146 ({Predecessor:} 9... Ne4 10. c4 Re8 11. cxd5 cxd5 12. Nxe4 Bxe4 13. Qb3 Rc8 14. Rac1 Nf6 15. Ne5 Bf5 {1-0 So,W (2808)-Vachier Lagrave,M (2796) PRO League Stage rapid 2017 (5)}) 10. c4 a5 11. b5 dxc4 12. Nxc4 Ne4 13. Rc1 Nd6 14. bxc6 Qxc6 {[%emt 0:10:23] [#]} (14... bxc6 $16 15. Ba3 Rfd8) 15. Ba3 (15. d5 $1 $18 Qc5 16. Ba3) 15... Nc8 (15... Nxc4 $16 16. Bxc4 Qf6) 16. Nxa5 Qb6 17. Nc4 Qf6 18. a5 b6 (18... b5 $16 {might work better.}) 19. axb6 (19. Nfe5 $18) 19... Ncxb6 $16 20. Nxb6 Rxa3 21. Nxd7 Bxd7 22. Ne5 $36 {[%emt 0:01:24][%mdl 2048] Keeping Black busy.} Ba4 23. Qd2 {[%emt 0:01:16] [#] Black must now prevent Nc4.} Rb8 $2 (23... Be8 $16 24. Rc5 Ra7) 24. Qa5 $18 Ra2 25. Nd7 Bxd7 26. Qxa2 Qd6 27. Rfd1 Bf5 28. Qa7 Rb2 29. Bf3 Bf8 (29... h5 $142 30. Rc7 Ra2) 30. Qc7 Qb4 (30... Be6 $142 31. Qxd6 exd6) 31. h3 Ra2 $2 (31... Bb1 32. Rc4 Qb3) 32. e4 {[%emt 0:01:25] White is clearly winning.} Bxh3 33. gxh3 Qb2 34. Qg3 Ra3 35. Kg2 {[%emt 0:00:47] Weighted Error Value: White=0.35/Black=0.57  Loses game:     	---       	Black=1      Mistake:       	White=2     	Black=6      Inaccurate:     	White=1     	Black=3      OK:         	White=14    	Black=8      Best:        	White=1     	---} 1-0

[Event "4NCL Div 2 2024-25"]
[Site "England"]
[Date "2025.02.16"]
[Round "6.9"]
[White "Wall, Tim P"]
[Black "Gallana, Marco"]
[Result "0-1"]
[Annotator "ChessBase"]
[ECO "D03"]
[WhiteElo "2168"]
[BlackElo "2216"]
[PlyCount "64"]
[EventDate "2024.11.23"]
[EventType "team-tourn"]
[EventCountry "ENG"]
[SourceTitle "playchess.com"]
[Source "ChessBase"]
[SourceQuality "1"]
[TimeControl "40/6000+30:3000+30"]

1. d4 Nf6 2. Nf3 g6 3. Bg5 d5 4. Nbd2 Bg7 5. c3 O-O 6. e3 c5 7. Be2 Nc6 8. O-O b6 9. h3 Bb7 10. Qb1 Nd7 11. Rd1 Qe8 12. Bf4 e5 13. dxe5 Ndxe5 14. Nxe5 Nxe5 15. Bxe5 Qxe5 16. Bf3 Rad8 17. Qc2 Bc8 18. Nb3 Be6 19. Qe2 h5 20. Rd2 Qg5 21. Kh1 Be5 22. Rad1 Bc7 23. Qf1 h4 24. Nc1 Rd7 25. Qa6 Qe5 26. Kg1 Rfd8 27. Qa4 d4 28. cxd4 cxd4 29. Rxd4 Rxd4 30. exd4 Qh2+ 31. Kf1 Bd7 32. Bc6 Re8 0-1

[Event "4NCL Div 2 2024-25"]
[Site "England"]
[Date "2025.02.16"]
[Round "6.10"]
[White "Mazurkiewicz, Michal"]
[Black "Chan, Sheng Liang Bernard"]
[Result "1-0"]
[Annotator "ChessBase"]
[ECO "A05"]
[WhiteElo "2259"]
[BlackElo "2101"]
[PlyCount "59"]
[EventDate "2024.11.23"]
[EventType "team-tourn"]
[EventCountry "ENG"]
[SourceTitle "playchess.com"]
[Source "ChessBase"]
[SourceQuality "1"]
[TimeControl "40/6000+30:3000+30"]

1. e4 c5 2. Nf3 d6 3. g3 Nf6 4. d3 g6 5. Bg2 Bg7 6. O-O O-O 7. c3 Nc6 8. Re1 e5 9. a3 a5 10. a4 h6 11. Na3 Be6 12. Nb5 d5 13. exd5 Nxd5 14. Nd2 Na7 15. Nc4 Nxb5 16. axb5 f6 17. f4 Nb6 18. Bxb7 Nxc4 19. dxc4 Bxc4 20. Qa4 Be6 21. Bxa8 Qxa8 22. Qe4 Bd5 23. Qxg6 Bh1 24. Qc2 c4 25. Be3 Be4 26. Qe2 Bd3 27. Qg2 e4 28. f5 Rd8 29. Qh3 Kf7 30. Qh5+ 1-0

[Event "4NCL Div 2 2024-25"]
[Site "England"]
[Date "2025.02.16"]
[Round "6.11"]
[White "Sucikova, Svetlana"]
[Black "Pein, Jonathan"]
[Result "1-0"]
[Annotator "ChessBase"]
[ECO "A07"]
[WhiteElo "2169"]
[BlackElo "2249"]
[PlyCount "123"]
[EventDate "2024.11.23"]
[EventType "team-tourn"]
[EventCountry "ENG"]
[SourceTitle "playchess.com"]
[Source "ChessBase"]
[SourceQuality "1"]
[TimeControl "40/6000+30:3000+30"]

1. Nf3 d5 2. g3 b6 3. Bg2 Bb7 4. d4 e6 5. O-O Nd7 6. c4 dxc4 7. Qa4 a6 8. Qxc4 b5 9. Qc2 c5 10. dxc5 Bxc5 11. b4 Bxb4 12. a4 Ngf6 13. Qb2 Qe7 14. Nd4 Bxg2 15. Kxg2 Qc5 16. Be3 Ng4 17. Nc2 Qd5+ 18. f3 Bd6 19. Bd4 Rc8 20. Nc3 Qc4 21. fxg4 e5 22. Ne3 Qc6+ 23. Ncd5 exd4 24. Qxd4 Be5 25. Qe4 Qe6 26. Rac1 O-O 27. Nf5 Rc5 28. Nde7+ Kh8 29. Rfd1 g6 30. Rxc5 Nxc5 31. Qb4 Bf6 32. Qxc5 Re8 33. Qd6 Bxe7 34. Qxe6 fxe6 35. Nxe7 Rxe7 36. axb5 axb5 37. Rd8+ Kg7 38. Rb8 g5 39. Rxb5 Kg6 40. h4 h6 41. Kf3 Ra7 42. Rb4 Kf6 43. Ke4 Ra3 44. e3 gxh4 45. gxh4 Ra1 46. Rb8 Rg1 47. Rf8+ Kg6 48. h5+ Kg5 49. Rg8+ Kh4 50. Ke5 Rxg4 51. Rxg4+ Kxg4 52. Kxe6 Kxh5 53. Kf5 Kh4 54. e4 Kg3 55. e5 h5 56. e6 h4 57. e7 h3 58. e8=Q Kg2 59. Kg4 h2 60. Qe2+ Kg1 61. Kg3 h1=N+ 62. Kf3 1-0

[Event "4NCL Div 2 2024-25"]
[Site "England"]
[Date "2025.02.16"]
[Round "6.12"]
[White "Maciol, Ryszard"]
[Black "Gayson, Peter M"]
[Result "1/2-1/2"]
[Annotator "ChessBase"]
[ECO "A81"]
[WhiteElo "2125"]
[BlackElo "2087"]
[PlyCount "114"]
[EventDate "2024.11.23"]
[EventType "team-tourn"]
[EventCountry "ENG"]
[SourceTitle "playchess.com"]
[Source "ChessBase"]
[SourceQuality "1"]
[TimeControl "40/6000+30:3000+30"]

1. d4 f5 2. g3 g6 3. Bg2 Bg7 4. Nf3 Nh6 5. c4 d6 6. O-O Nf7 7. Qb3 Nc6 8. Rd1 O-O 9. Nc3 Kh8 10. Be3 Bd7 11. c5 dxc5 12. dxc5 Qc8 13. Nd4 e5 14. Nxc6 Bxc6 15. Nd5 e4 16. Nf4 Qe8 17. Bd4 Bxd4 18. Rxd4 Qe5 19. Rad1 Rae8 20. Nd5 Nd8 21. R4d2 Ne6 22. Qc4 a6 23. f4 exf3 24. Bxf3 Ng5 25. Qc3 Qxc3 26. bxc3 Ne4 27. Bxe4 Rxe4 28. Nxc7 Rf7 29. Nd5 Rc4 30. Nf4 Re7 31. Rd8+ Kg7 32. R1d6 Rxc3 33. Kf2 Re8 34. Rxe8 Bxe8 35. Re6 Kf7 36. Re5 Bc6 37. h4 Kf6 38. Re6+ Kf7 39. Re5 Rc2 40. Ne6 Kf6 41. Re3 Be4 42. Ng5 h6 43. Nxe4+ fxe4 44. Rb3 Rxc5 45. Rxb7 Ra5 46. Rb4 Rxa2 47. Rxe4 h5 48. Rf4+ Ke5 49. Rf8 a5 50. Rg8 Kf5 51. Rf8+ Ke6 52. Rg8 Kf7 53. Ra8 a4 54. Ra7+ Kf6 55. Ra6+ Kf5 56. Ra5+ Kf6 57. Ra6+ Kf5 1/2-1/2

[Event "4NCL Div 2 2024-25"]
[Site "England"]
[Date "2025.02.16"]
[Round "6.13"]
[White "Rich, Aaron"]
[Black "Horton, Jamie A"]
[Result "0-1"]
[Annotator "ChessBase"]
[ECO "B12"]
[WhiteElo "1919"]
[BlackElo "2163"]
[PlyCount "118"]
[EventDate "2024.11.23"]
[EventType "team-tourn"]
[EventCountry "ENG"]
[SourceTitle "playchess.com"]
[Source "ChessBase"]
[SourceQuality "1"]
[TimeControl "40/6000+30:3000+30"]

1. e4 c6 2. d4 d5 3. e5 a6 4. Bd3 c5 5. c3 Nc6 6. Nf3 Bg4 7. Nbd2 e6 8. O-O Qd7 9. h3 Bh5 10. dxc5 Bxc5 11. b4 Ba7 12. a4 Bb8 13. b5 axb5 14. Bxb5 Nge7 15. g4 Bg6 16. Nb3 O-O 17. Ba3 Rc8 18. Qe2 Qd8 19. Nc5 Qc7 20. Rfe1 Ba7 21. Nd3 Qd8 22. Rac1 Na5 23. Nd2 Nec6 24. Kg2 Bb8 25. f4 Na7 26. Nc5 Nxb5 27. Qxb5 Ba7 28. Bb4 Bxc5 29. Bxc5 Qc7 30. Bd4 Nc4 31. Nxc4 Qxc4 32. Ra1 Be4+ 33. Kf2 Qc7 34. Re2 Qe7 35. Kg3 Rc7 36. Rb2 Rac8 37. Qb4 Qd8 38. Ra3 Qe8 39. Qb5 Rd7 40. a5 h5 41. Rab3 Rc4 42. Rb4 Rxb4 43. Rxb4 Qc8 44. Qe2 Rc7 45. Qb2 Qa8 46. Ra4 Qa6 47. Qd2 Qf1 48. Ra2 hxg4 49. hxg4 Qf3+ 50. Kh2 Qxg4 51. Qf2 Bf3 52. Qg3 Qh5+ 53. Kg1 Qh1+ 54. Kf2 Be4 55. Re2 Rc4 56. a6 bxa6 57. Rb2 Ra4 58. Rb8+ Kh7 59. c4 Rxc4 0-1

[Event "4NCL Div 2 2024-25"]
[Site "England"]
[Date "2025.02.16"]
[Round "6.14"]
[White "Serbanescu, Diana-Maria"]
[Black "Jaufarally, Nadia"]
[Result "1-0"]
[Annotator "TA"]
[ECO "B22"]
[WhiteElo "1992"]
[BlackElo "1929"]
[PlyCount "49"]
[EventDate "2024.11.23"]
[EventType "team-tourn"]
[EventCountry "ENG"]
[SourceTitle "playchess.com"]
[Source "ChessBase"]
[SourceQuality "1"]
[TimeControl "40/6000+30:3000+30"]

1. e4 c5 2. c3 d5 3. exd5 Qxd5 4. d4 Nf6 5. Nf3 e6 6. Na3 cxd4 7. Nb5 Na6 8. Nbxd4 Be7 9. Bd3 {[%emt 0:07:53] B22: Sicilian: 2 c3.} O-O 10. O-O Rd8 11. Qe2 {[%emt 0:12:01] White is slightly better.} Nc5 12. Bc2 b6 13. c4 $146 {[%emt 0:03:34] White has a queen side majority} ({Predecessor:} 13. Rd1 Ba6 14. Qe1 Qh5 15. Nc6 Re8 16. Nxe7+ Rxe7 17. Rd4 Bb7 18. Rh4 Qd5 19. Bg5 {1-0 Viana,V (1882)-Al Aisaee,A (1608) Olympiad Women-45 2024 (4.62)}) 13... Qb7 14. Re1 a5 15. b3 Bd7 16. Bb2 Bd6 17. Rad1 Qc7 18. h3 Be8 19. Bb1 Be7 20. Qc2 h6 21. Ne5 Nb7 $2 (21... Kf8 $16 {was called for.} 22. g4 a4) 22. Ng4 $18 {[%emt 0:01:15][%cal Od4e6] [#] Threatens to win with Nxe6!.} Kf8 23. Nxf6 Bxf6 24. Qh7 {[%emt 0:00:18] Qh8+ would kill now.} Nd6 $2 {[%emt 0:02:51] [#]} (24... Rxd4 25. Bxd4 Rc8 26. Bxf6 gxf6 27. Qxh6+ Ke7) 25. Rxe6 $1 {[%emt 0:01:04] Black got outplayed after the opening.   Weighted Error Value: White=0.06 (flawless) /Black=0.68  Loses game:     	---       	Black=1      Mistake:       	---       	Black=1      Inaccurate:     	White=1     	Black=4      OK:         	White=11    	Black=5} 1-0

[Event "4NCL Div 2 2024-25"]
[Site "England"]
[Date "2025.02.16"]
[Round "6.15"]
[White "Wills, Tom"]
[Black "Pedersen, Carsten"]
[Result "1/2-1/2"]
[Annotator "TA"]
[ECO "A07"]
[WhiteElo "1976"]
[BlackElo "2029"]
[PlyCount "43"]
[EventDate "2024.11.23"]
[EventType "team-tourn"]
[EventCountry "ENG"]
[SourceTitle "playchess.com"]
[Source "ChessBase"]
[SourceQuality "1"]
[TimeControl "40/6000+30:3000+30"]

1. Nf3 Nf6 2. g3 d5 3. Bg2 b5 4. c4 bxc4 5. Ne5 c6 6. b3 $146 {[%emt 0:02:19] A07: Réti Opening: New York and Capablanca Systems.} ({Predecessor:} 6. d4 cxd3 7. Qxd3 e6 8. O-O Bd6 9. Bf4 g5 10. Nxf7 Kxf7 11. Bxg5 Nbd7 {0-1 Faouzi,A-Fedorchuk,S (2569) Rabat op 3rd 2004 (1)}) 6... cxb3 7. Qxb3 e6 8. O-O {[%emt 0:05:15] Black is better.} Be7 9. Ba3 Nfd7 10. Nxd7 Qxd7 11. Rc1 O-O 12. d4 Ba6 13. e3 Rc8 14. Nd2 Qd8 15. Rc2 Nd7 16. Rac1 Rcb8 (16... c5 $5 17. Bxc5 Nxc5 18. dxc5 Rab8 $17) 17. Bxe7 Qxe7 18. Qc3 Bb5 19. Nb3 Nb6 20. Na5 Rc8 21. Qc5 (21. Bf1 $11 {remains equal.} h6 22. Qb2) 21... Qd7 22. Bf1 {[%emt 0:02:18] Weighted Error Value: White=0.13 (very precise) /Black=0.15 (very precise)   Mistake:       	White=1     	---        Inaccurate:     	White=3     	Black=3      OK:         	White=6     	Black=5} 1/2-1/2

[Event "4NCL Div 2 2024-25"]
[Site "England"]
[Date "2025.02.16"]
[Round "6.16"]
[White "Tompson, John C"]
[Black "Rich, Ben S"]
[Result "1-0"]
[Annotator "NA"]
[ECO "A43"]
[WhiteElo "2124"]
[BlackElo "1875"]
[PlyCount "77"]
[EventDate "2024.11.23"]
[EventType "team-tourn"]
[EventCountry "ENG"]
[SourceTitle "playchess.com"]
[Source "ChessBase"]
[SourceQuality "1"]
[TimeControl "40/6000+30:3000+30"]

1. d4 c5 2. d5 Nf6 3. Nc3 g6 4. e4 d6 5. Nf3 Bg7 6. Bc4 O-O 7. O-O Bg4 8. h3 Bxf3 9. Qxf3 Nbd7 10. Be2 a6 11. a4 Qc7 12. Qg3 c4 13. f4 b5 14. Qf3 b4 15. Nd1 a5 16. Be3 Nc5 17. e5 Nfe4 18. Nf2 Nxf2 19. Qxf2 Rac8 20. Qh4 dxe5 21. f5 Nb7 22. Bg5 Qc5+ 23. Kh1 f6 24. fxg6 hxg6 25. Bg4 f5 26. Bxe7 Qxd5 27. Bxf8 Rxf8 28. Rad1 Qe6 29. Be2 e4 30. b3 cxb3 31. cxb3 Qxb3 32. Rd7 Rf7 33. Rc1 Bc3 34. Rcd1 Qe6 35. Rxf7 Qxf7 36. Bb5 Bf6 37. Qg3 Nc5 38. Bc4 Qxc4 39. Qxg6+ 1-0

[Event "4NCL Div 2 2024-25"]
[Site "England"]
[Date "2025.02.16"]
[Round "6.17"]
[White "Bowcott-Terry, Finlay"]
[Black "Southcott-Moyers, Indy"]
[Result "0-1"]
[Annotator "ChessBase"]
[ECO "C54"]
[WhiteElo "2168"]
[BlackElo "2174"]
[PlyCount "64"]
[EventDate "2024.11.23"]
[EventType "team-tourn"]
[EventCountry "ENG"]
[SourceTitle "playchess.com"]
[Source "ChessBase"]
[SourceQuality "1"]
[TimeControl "40/6000+30:3000+30"]

1. e4 e5 2. Nf3 Nc6 3. Bc4 Bc5 4. c3 Nf6 5. d4 exd4 6. b4 Bb6 7. e5 d5 8. exf6 dxc4 9. b5 O-O 10. O-O dxc3 11. fxg7 Kxg7 12. Qc2 Nd4 13. Nxd4 Qxd4 14. Ba3 Qd3 15. Bxf8+ Kxf8 16. Qc1 c2 17. Qh6+ Kg8 18. Nd2 Bf5 19. Nf3 Qd6 20. Qg5+ Qg6 21. Qd2 Be4 22. Kh1 Qf6 23. Qe2 Bd3 24. Qd2 Rd8 25. Rg1 c3 26. Qe1 Kf8 27. Ne5 Qxf2 28. Qxc3 Qd4 29. Qxd3 Qxd3 30. Nxd3 Rxd3 31. Rgf1 Be3 32. g3 Rc3 0-1

[Event "4NCL Div 2 2024-25"]
[Site "England"]
[Date "2025.02.16"]
[Round "6.18"]
[White "Rees, Ioan"]
[Black "Shearsby, Jude"]
[Result "1-0"]
[Annotator "ChessBase"]
[ECO "E05"]
[WhiteElo "2251"]
[BlackElo "2192"]
[PlyCount "82"]
[EventDate "2024.11.23"]
[EventType "team-tourn"]
[EventCountry "ENG"]
[SourceTitle "playchess.com"]
[Source "ChessBase"]
[SourceQuality "1"]
[TimeControl "40/6000+30:3000+30"]

1. d4 d5 2. c4 e6 3. Nf3 a6 4. g3 dxc4 5. Bg2 Nf6 6. O-O Be7 7. a4 O-O 8. Qc2 Nc6 9. Qxc4 Rb8 10. Bf4 Bd6 11. Ne5 Bxe5 12. dxe5 Nd5 13. Ra3 Na5 14. Qc1 b6 15. Bg5 f6 16. exf6 Nxf6 17. b4 Nb7 18. Rc3 Rf7 19. Nd2 h6 20. Bxf6 gxf6 21. Nf3 Kg7 22. Rd1 Nd6 23. Nd4 Qd7 24. Nc6 Rb7 25. Rd4 Rf8 26. Rg4+ Kh7 27. Ne5 fxe5 28. Bxb7 Rf7 29. Rh4 Nf5 30. Be4 Kg8 31. Rd3 Qxa4 32. Bxf5 exf5 33. Rd8+ Rf8 34. Rxf8+ Kxf8 35. Qxh6+ Ke7 36. Qg7+ Kd6 37. Qf8+ Kc6 38. Qxc8 Qd1+ 39. Kg2 Qd5+ 40. e4 Qxe4+ 41. Rxe4 Kd5 1-0

[Event "4NCL Div 2 2024-25"]
[Site "England"]
[Date "2025.02.16"]
[Round "6.19"]
[White "Valdepenas Octavio, Javier"]
[Black "Blackburn, Jonathan L B"]
[Result "1/2-1/2"]
[Annotator "ChessBase"]
[ECO "C09"]
[WhiteElo "2145"]
[BlackElo "2197"]
[PlyCount "70"]
[EventDate "2024.11.23"]
[EventType "team-tourn"]
[EventCountry "ENG"]
[SourceTitle "playchess.com"]
[Source "ChessBase"]
[SourceQuality "1"]
[TimeControl "40/6000+30:3000+30"]

1. e4 e6 2. d4 d5 3. Nd2 c5 4. exd5 exd5 5. Ngf3 Nc6 6. Bb5 Qe7+ 7. Be2 Qc7 8. O-O Nf6 9. Re1 cxd4 10. Nb3 Bb4 11. Bd2 Bxd2 12. Qxd2 O-O 13. Nbxd4 Bg4 14. Nh4 Ne4 15. Qe3 Bxe2 16. Rxe2 Ne5 17. f3 Nc4 18. Qc1 Qb6 19. c3 Nc5 20. b3 Nd6 21. Qd2 Ne6 22. Rd1 Rac8 23. Kh1 Nxd4 24. cxd4 f6 25. g3 Rfe8 26. Ng2 Nb5 27. Rxe8+ Rxe8 28. Nf4 Nc7 29. Re1 Rxe1+ 30. Qxe1 Kf7 31. Qe3 Qa6 32. Qe2 Qc6 33. Qd3 Qb5 34. Qxb5 Nxb5 35. Ne2 Ke6 1/2-1/2